 Dungeon Crawl Stone Soup version 0.28.0-43-g3370ac3207 (webtiles) character file.

Game seed: 11539355486750321934

19917 sking99 the Basher (level 12, 0/97 HPs)
             Began as a Demonspawn Fighter on Mar 24, 2022.
             Was an Initiate of Gozag.
             Killed from afar by a molten gargoyle (27 damage)
             ... with a bolt of magma
             ... in a volcano.
             The game lasted 00:23:34 (15696 turns).

sking99 the Basher (Demonspawn Fighter)            Turns: 15696, Time: 00:23:35

Health: 0/97       AC: 19    Str: 35    XL:     12   Next: 40%
Magic:  12/12      EV:  8    Int: 16    God:    Gozag
Gold:   1990       SH: 10    Dex: 12    Spells: 11/11 levels left

rFire   . . .      SeeInvis +   e - +9 morningstar of Ambiguity {spect, Int+7}
rCold   . . .      Faith    .   N - +0 kite shield
rNeg    . . .      Spirit   .   i - +0 plate armour
rPois   .          Reflect  .   (helmet unavailable)
rElec   .          Harm     .   (no cloak)
rCorr   .          Rampage  .   y - +0 pair of gloves
Will    .....                   J - +0 pair of boots
Stlth   ..........              x - amulet of magic regeneration
HPRegen 0.26/turn               z - +6 ring of strength
MPRegen 0.53/turn               L - +6 ring of strength

@: no status effects
A: antennae 3, thin metallic scales 2, icemail 1, condensation shield, demonic
magic 1, corrupting presence 1
a: Renounce Religion, Potion Petition, Call Merchant, Bribe Branch


You were in a volcano.
You worshipped Gozag.
Gozag was most pleased with you.
You visited 3 branches of the dungeon, and saw 16 of its levels.
You also visited: Volcano.

You collected 2774 gold pieces.
You paid 784 gold pieces to Gozag.

Inventory:

Hand Weapons
 e - the +9 morningstar of Ambiguity (weapon) {spect, Int+7}
   (You acquired it on level 8 of the Dungeon)

   When its wielder attacks, the weapon's spirit leaps out and strikes again.
   The spirit shares a part of any damage it takes with its wielder.
   Int:       It affects your intelligence (+7).
Missiles
 F - a throwing net (quivered)
Armour
 i - a +0 plate armour (worn)
 y - a +0 pair of gloves (worn)
 J - a +0 pair of boots (worn)
 N - a +0 kite shield (worn)
Jewellery
 x - an amulet of magic regeneration (around neck)
 z - a +6 ring of strength (left hand)
 A - a +6 ring of intelligence
 L - a +6 ring of strength (right hand)
Wands
 f - a wand of iceblast (16)
 r - a wand of flame (9)
 D - a wand of polymorph (10)
 G - a wand of acid (6)
 H - a wand of charming (6)
 I - a wand of paralysis (5)
Scrolls
 b - a scroll of magic mapping
 h - 7 scrolls of teleportation
 m - 2 scrolls of immolation
 n - 2 scrolls of identify
 p - 4 scrolls of enchant armour {unknown}
 q - a scroll of amnesia {unknown}
 s - a scroll of silence {unknown}
 t - a scroll of holy word {unknown}
 w - a scroll of torment {unknown}
 B - a scroll of blinking {unknown}
 E - a scroll of vulnerability {unknown}
 M - a scroll of fog {unknown}
Potions
 a - 2 potions of haste
 d - a potion of mutation
 g - 2 potions of heal wounds
 j - 7 potions of curing
 k - 2 potions of lignification
 l - 2 potions of magic
 o - a potion of ambrosia
 u - a potion of flight
 v - 2 potions of cancellation
 C - 4 potions of attraction
 K - 2 potions of brilliance


   Skills:
 + Level 10.0 Fighting
 * Level 12.2 Maces & Flails
 - Level 7.7 Armour
 + Level 4.4 Dodging
 + Level 9.1 Shields


You had 11 spell levels left.
You didn't know any spells.
Your spell library contained the following spells:

 Spells                   Type           Power      Damage    Failure   Level
 Magic Dart               Conj           0%         1d3       98%         1
 Sandblast                Erth           0%         2d4       98%         1
 Shock                    Conj/Air       0%         1d3       98%         1
 Call Imp                 Summ           0%         N/A       99%         2
 Passwall                 Tmut/Erth      0%         N/A       99%         2
 Sublimation of Blood     Necr           0%         N/A       99%         2
 Frozen Ramparts          Ice            0%         1d2       100%        3
 Mephitic Cloud           Conj/Pois/Air  0%         N/A       100%        3
 Stone Arrow              Conj/Erth      0%         3d7       100%        3
 Swiftness                Air            0%         N/A       100%        3
 Airstrike                Air            0%         N/A       100%        4
 Ice Form                 Ice/Tmut       0%         N/A       100%        4
 Olgreb's Toxic Radiance  Pois           0%         N/A       100%        4
 Petrify                  Tmut/Erth      0%         N/A       100%        4
 Summon Ice Beast         Ice/Summ       0%         N/A       100%        4
 Alistair's Intoxication  Tmut/Pois      0%         N/A       100%        5
 Borgnjor's Vile Clutch   Necr/Erth      0%         N/A       100%        5
 Irradiate                Conj/Tmut      0%         3d13      100%        5
 Dispersal                Tloc           0%         N/A       100%        6
 Eringya's Noxious Bog    Tmut/Pois      0%         N/A       100%        6
 Ozocubu's Refrigeration  Ice            0%         4d5       100%        7
 Disjunction              Tloc           0%         N/A       100%        8
 Ignition                 Fire           0%         3d3       100%        8


Dungeon Overview and Level Annotations

Branches:
Dungeon (11/15)            Temple (1/1) D:5            Lair (4/6) D:8
  Swamp (0/4) Lair:3          Orc (0/2) D:10        Volcano (1/1)
  Snake: Lair:2-4    Spider: Lair:2-4

Altars:
Ashenzari
Cheibriados
Dithmenos
Elyvilon
Fedhas
Gozag
Hepliaklqana
Kikubaaqudgha
Makhleb
Nemelex Xobeh
Okawaru
Qazlal
Ru
Sif Muna
Trog
Uskayaw
Vehumet
Wu Jian
Xom
Yredelemnul
Zin
The Shining One

Shops:
D:2 [   D:5 [

Portals:
Abyss: D:6

Annotations:
D:6 2 transporters, protoss039's ghost, novice DjFE


Innate Abilities, Weirdness & Mutations

You have a pair of large antennae on your head. (SInv)
You are mostly covered in thin metallic scales. (AC +3)
A meltable icy envelope protects you from harm. (AC +0)
A meltable shield of frost defends you. (SH +0)
Spells you cast may paralyse adjacent enemies.
Your presence sometimes corrodes those you injure.


Message History

The hell knight burns you.
You impale the hell knight!!
The hell knight is heavily wounded.
Your +9 morningstar of Ambiguity {spect, Int+7} hits the hell knight!!
Your +9 morningstar of Ambiguity {spect, Int+7} fades away.
You block the hell knight's attack.
You barely miss the hell knight.
The hell knight is almost dead.
Your +9 morningstar of Ambiguity {spect, Int+7} hits the hell knight!!
You kill the hell knight!
Your Fighting skill increases to level 10!
You now have 1990 gold pieces (gained 9).
Things that are here:
a +2 scimitar of flaming; a +0 plate armour You start resting.
Your icy envelope is restored.
You start resting.
You sense a monster nearby.
You start resting.
You sense a monster nearby.
You start resting.
A molten gargoyle comes into view. It is wielding a +0 mace.
You see here a +1 halberd of protection.
You start resting.
A molten gargoyle is nearby!
A molten gargoyle is nearby!
The molten gargoyle blasts magma at you!
The bolt of magma hits you!!
Your icy defenses dissipate!
The molten gargoyle blasts magma at you!
The bolt of magma hits you!!
* * * LOW HITPOINT WARNING * * *
The molten gargoyle hits you but does no damage.
You bludgeon the molten gargoyle!!
The molten gargoyle is heavily damaged.
Your +9 morningstar of Ambiguity {spect, Int+7} hits the molten gargoyle.
The molten gargoyle blasts magma at you!
The bolt of magma hits you!!
You die...
Your body crumbles into a pile of gold.

#....... #.......
#8...).8 ##++#''#
###############.....#
#≈≈............8...8.
#≈≈..............⌠...
###..##########.....#
#.@# ###### #.....#
#(9# #.##.# #8...8#
#..###'##'#########
#......9.)....#
#...)....$....#
############''##
#....# #...#.#
#..#≈≈☼#


You could see a molten gargoyle and a friendly +9 morningstar of Ambiguity
{spect, Int+7} (summoned).

Vanquished Creatures
  A hydra (Lair:2)
  2 boulder beetles
  A hell knight (Volcano)
  Urug (D:10)
  2 salamanders (Volcano)
  2 black mambas
  A gargoyle (Volcano)
  A molten gargoyle (Volcano)
  4 cane toads
  5 komodo dragons
  An efreet (Volcano)
  A polar bear (Lair:1)
  A hornet (D:10)
  3 blink frogs (Lair:2)
  Sigmund (D:4)
  24 yaks
  Eustachio (D:6)
  5 basilisks
  A steam dragon (D:6)
  An acid dragon (D:8)
  7 water moccasins
  A black bear (D:8)
  2 ice beasts
  2 orc warriors
  An ogre (D:6)
  A necrophage (D:4)
  4 centaurs
  12 wolves
  2 phantoms
  2 kobold brigands (D:7)
  Blork the orc (D:6)
  9 bullfrogs
  A scorpion (D:4)
  2 wyvern skeletons (D:7)
  11 wights
  10 killer bees
  6 electric eels
  6 howler monkeys
  2 lava snakes (D:10)
  A centaur skeleton (D:6)
  2 hounds (D:5)
  10 centaur zombies
  5 orc priests
  A bullfrog skeleton (D:5)
  8 iguanas
  14 orc wizards
  A hound zombie (D:5)
  A howler monkey zombie (D:5)
  4 gnolls (D:7)
  7 adders
  3 howler monkey skeletons (D:7)
  A shadow imp (D:5)
  A white imp (D:3)
  3 dart slugs
  2 worms
  35 orcs
  6 bats
  6 endoplasms
  2 giant cockroaches
  9 goblins
  6 hobgoblins
  16 jackals
  8 kobolds
  4 quokkas
  11 ball pythons
  3 frilled lizards (D:3)
  5 rats
316 creatures vanquished.

Vanquished Creatures (others)
  3 fungi
  10 plants
13 creatures vanquished.

Grand Total: 329 creatures vanquished

Notes
Turn   | Place    | Note
-------+----------+-------------------------------------------
     0 | D:1      | sking99 the Demonspawn Fighter began the quest for the Orb.
     0 | D:1      | Reached XP level 1. HP: 18/18 MP: 1/1
   293 | D:1      | Reached skill level 2 in Maces & Flails
   371 | D:1      | Gained mutation: A meltable shield of frost defends you.
                  | (SH +0) [demonic ancestry]
   371 | D:1      | Reached XP level 2. HP: 24/24 MP: 2/2
   752 | D:1      | Gained mutation: You are partially covered in thin metallic
                  | scales. (AC +2) [demonic ancestry]
   752 | D:1      | Reached XP level 3. HP: 29/29 MP: 3/3
   931 | D:2      | Found a faded altar of an unknown god.
   932 | D:2      | Noticed a golden eye
   939 | D:2      | Noticed an eye of devastation
   948 | D:2      | Noticed a great orb of eyes
   948 | D:2      | Noticed an eye of devastation
   958 | D:2      | Prayed at the altar of an unknown god.
   958 | D:2      | Became a worshipper of Gozag Ym Sagoz the Greedy
  1173 | D:2      | Found Xajintagaa's Antique Armour Boutique.
  1276 | D:2      | Gained mutation: You have a pair of small antennae on your
                  | head. [demonic ancestry]
  1276 | D:2      | Reached XP level 4. HP: 29/35 MP: 4/4
  1476 | D:2      | You fall into a shaft and drop 1 floor!
  1740 | D:3      | Reached skill level 3 in Maces & Flails
  2219 | D:4      | Noticed Sigmund
  2290 | D:4      | Gained mutation: You have a pair of antennae on your head.
                  | [demonic ancestry]
  2290 | D:4      | Reached XP level 5. HP: 29/42 MP: 5/5
  2750 | D:3      | Gained mutation: A meltable icy envelope protects you from
                  | harm. (AC +0) [demonic ancestry]
  2750 | D:3      | Reached XP level 6. HP: 44/47 MP: 6/6
  2954 | D:3      | Reached skill level 4 in Maces & Flails
  3843 | D:4      | Killed Sigmund
  3844 | D:4      | Reached XP level 7. HP: 24/55 MP: 7/7
  4232 | D:4      | Reached skill level 5 in Maces & Flails
  4699 | D:5      | Entered Level 5 of the Dungeon
  4746 | D:5      | Reached skill level 5 in Fighting
  4939 | D:5      | Found Wuaboma's Armour Shop.
  5395 | D:5      | Gained mutation: You have a pair of large antennae on your
                  | head. (SInv) [demonic ancestry]
  5395 | D:5      | Reached XP level 8. HP: 62/62 MP: 8/8
  5439 | D:5      | Found a hide-covered altar of Uskayaw.
  5785 | D:5      | Found a sacrificial altar of Ru.
  5798 | D:5      | Found a bloodstained altar of Trog.
  6089 | D:5      | Found a staircase to the Ecumenical Temple.
  6151 | Temple   | Entered the Ecumenical Temple
  6559 | D:5      | Reached skill level 6 in Maces & Flails
  6776 | D:6      | Noticed a boulder beetle
  6802 | D:6      | Killed a boulder beetle
  6803 | D:6      | Reached skill level 5 in Armour
  6803 | D:6      | Reached skill level 5 in Shields
  7204 | D:6      | Reached skill level 7 in Maces & Flails
  7204 | D:6      | Reached XP level 9. HP: 69/69 MP: 9/9
  7394 | D:6      | Noticed a white ugly thing
  7399 | D:6      | Found a transporter.
  7409 | D:6      | Found a transporter.
  7628 | D:6      | Found a one-way gate to the infinite horrors of the Abyss.
  7650 | D:6      | Noticed Eustachio
  7675 | D:6      | Killed Eustachio
  7945 | D:6      | Noticed Blork the orc
  7955 | D:6      | Killed Blork the orc
  8066 | D:6      | Noticed protoss039's ghost (novice DjFE)
  8507 | D:7      | Reached skill level 8 in Maces & Flails
  8761 | D:7      | Found a shimmering altar of Xom.
  8762 | D:7      | Found a shimmering altar of Xom.
  8769 | D:7      | Identified the +6 trident of Defence by Offence {venom,
                  | +Blink rN++ Will- Int+3}
  9123 | D:7      | Found a shimmering altar of Xom.
  9124 | D:7      | Found a shimmering altar of Xom.
  9372 | D:8      | Identified a scroll of acquirement
  9372 | D:8      | Acquired the +9 morningstar of Ambiguity {spect, Int+7}
  9558 | D:8      | Found a sparkling altar of Nemelex Xobeh.
  9576 | D:8      | Gained mutation: Spells you cast may paralyse adjacent
                  | enemies. [demonic ancestry]
  9576 | D:8      | Reached XP level 10. HP: 79/79 MP: 10/10
 10171 | D:8      | Reached skill level 9 in Maces & Flails
 10370 | D:8      | Found a staircase to the Lair.
 11842 | D:10     | Entered Level 10 of the Dungeon
 11887 | D:10     | Noticed Urug
 11894 | D:10     | Killed Urug
 11895 | D:10     | Reached skill level 10 in Maces & Flails
 12088 | D:10     | Found a staircase to the Orcish Mines.
 12105 | D:10     | Gained mutation: You are mostly covered in thin metallic
                  | scales. (AC +3) [demonic ancestry]
 12105 | D:10     | Reached XP level 11. HP: 80/86 MP: 11/11
 12988 | D:11     | Noticed a two-headed ogre
 13160 | Lair:1   | Entered Level 1 of the Lair of Beasts
 13435 | Lair:1   | Reached skill level 1 in Dodging
 14118 | Lair:1   | Reached skill level 11 in Maces & Flails
 14120 | Lair:1   | Noticed a boulder beetle
 14137 | Lair:1   | Killed a boulder beetle
 14883 | Lair:2   | Noticed a seven-headed hydra
 14888 | Lair:2   | Killed a seven-headed hydra
 14889 | Lair:2   | Gained mutation: Your presence sometimes corrodes those you
                  | injure. [demonic ancestry]
 14889 | Lair:2   | Reached XP level 12. HP: 68/96 MP: 12/12
 15079 | Lair:2   | You fall into a shaft and drop 2 floors!
 15311 | Lair:3   | Found a dark tunnel.
 15340 | Volcano  | Entered a volcano
 15412 | Volcano  | Reached skill level 12 in Maces & Flails
 15574 | Volcano  | Reached skill level 10 in Fighting
 15696 | Volcano  | Killed from afar by a molten gargoyle

Illustrated notes

Levels and vault maps discovered:
D:1:      elethiomel_arrival_infinity_welcomes_careful_drivers, layout_rooms
D:2:      layout_loops_ring, hellmonk_ecumenical_altar_watching_god,
          serial_shops, shop, minmay_misc_feat_room, minmay_tromino_i2
D:3:      layout_rooms
D:4:      layout_rooms, uniq_sigmund
D:5:      layout_rooms, mainiacjoe_overflow_alcove_2,
          nicolae_ru_the_path_less_chosen, mainiacjoe_overflow_six_doors_small,
          minmay_temple_entry_grid, serial_shops, nicolae_shop_advertising_works
          [nicolae_subvault_shop_adworks]
D:6:      layout_loops_corners, mainiacjoe_overflow_tiny_flanked,
          gammafunk_ghost_abyssal_escape, uniq_blork_the_orc, uniq_eustachio
D:7:      layout_cave_pools, xom_redecorated, kennysheep_generic_room_2
D:8:      layout_basic, mainiacjoe_overflow_catwalk_spiral, erik_lair_dragon,
          columned_hall_lemuel
D:9:      layout_basic
D:10:     layout_big_octagon, chequers_serial_rivers_micro_d, uniq_urug
D:11:     layout_loops_cross, enter_trove_0, cheibriados_altar_1
Temple:   nicolae_temple_no_exploring_needed
Lair:1:   beast_lair_carwin_large_1, layout_cave_pods,
          chequers_serial_rivers_micro_d, nzn_sisyphean_effort,
          serial_bayou_shore_a
Lair:2:   layout_small_grid
Lair:3:   layout_small_grid, nicolae_swamp_entry_splash_gauntlet,
          lightli_volcano_entry_magma_tube
Lair:4:   layout_loops_ring, minmay_snake_entry_guardpost_small,
          serial_bayou_pond_b, infiniplex_staircase_pool
Volcano:  hellmonk_zot_springs

Skill      XL: |  1  2  3  4  5  6  7  8  9 10 11 12 |
---------------+-------------------------------------+-----
Maces & Flails | 2 3 4 5 7 8 10 11 12 | 12.2
Armour         | 3 4 5 6 7 |  7.7
Shields        | 3 4 5 6 7 8 9 |  9.1
Fighting       | 4 5 6 7 8 9 10 | 10.0
Dodging        | 3 4 |  4.4

Action                   |  1- 3 |  4- 6 |  7- 9 | 10-12 || total
-------------------------+-------+-------+-------+-------++-------
Melee: Flail             |   114 |   230 |   477 |       ||   821
       Morningstar       |       |       |     6 |   323 ||   329
Invok: Potion Petition   |       |       |     1 |     1 ||     2
  Use: Potion            |       |     1 |       |       ||     1
       Scroll            |       |       |    14 |     3 ||    17
 Stab: Distracted        |       |       |     1 |     6 ||     7
Armor: Scale mail        |    16 |       |       |       ||    16
       Plate armour      |    60 |   141 |   399 |   168 ||   768
Dodge: Dodged            |    28 |    57 |   159 |    89 ||   333
Block: Buckler           |    47 |   128 |   282 |   124 ||   581
       Kite shield       |       |       |       |    47 ||    47
